 Dungeon Sprint DCSS version 0.29-a0-824-gd827844252 (webtiles) character file.

Game seed: 12508835675921735675

145257058 mhtbhm the Heavyweight Champion (level 21, 212/265 HPs)
             Began as a Troll Transmuter on July 9, 2022.
             Was an Initiate of Gozag.
             Escaped with the Orb
             ... and 17 runes!
             The game lasted 00:31:19 (12528 turns).

mhtbhm the Heavyweight Champion (Troll Transmuter) Turns: 12528, Time: 00:31:20

Health: 212/265    AC: 22    Str: 38    XL:     21   Next: 3%
Magic:  47/47      EV: 21    Int:  9    God:    Gozag
Gold:   36543      SH:  0    Dex: 13    Spells: 32/67 levels left

rFire   x . .      SeeInvis .     - Unarmed
rCold   + . .      Faith    .   (no shield)
rNeg    + + +      Spirit   .   a - +4 acid dragon scales
rPois   .          Reflect  .   U - +2 hat
rElec   .          Harm     .   k - +1 cloak {Will+}
rCorr   +          Rampage  .   (gloves unavailable)
Will    +++..      NoTele   +   (boots unavailable)
Stlth   ++........              X - amulet of the Slug {Acrobat Will+ Str+6}
HPRegen 1.34/turn               Y - ring "Feyrph" {Wiz rN++ Dex-2}
MPRegen 0.30/turn               O - ring "Afung" {Ice rN+ Dex+5}

@: no status effects
A: large, unfitting armour, claws 3, regeneration 1, shaggy fur 1, tough skin 1,
inability to read while threatened 1
0: Orb of Zot
}: 17/17 runes: decaying, serpentine, barnacled, slimy, elven, silver, golden,
iron, obsidian, icy, bone, abyssal, glowing, magical, fiery, dark, gossamer
a: Renounce Religion, Potion Petition, Call Merchant, Bribe Branch


You escaped.
You worshipped Gozag.
Gozag was extremely pleased with you.
You visited 1 branch You collected 58412 gold pieces.
You spent 8710 gold pieces at shops.
You paid 13159 gold pieces to Gozag.

Inventory:

Hand Weapons
 T - a +9 great mace of holy wrath
Missiles
 l - 6 silver javelins
 m - 5 curare-tipped darts (quivered)
 L - 13 large rocks
Armour
 a - +4 acid dragon scales (worn)
 k - a +1 cloak of willpower (worn)
 U - a +2 hat (worn)
Jewellery
 t - the ring "Irin" {rF+ rN+ Int+5}
   (You bought it in a shop in the Dungeon)

   [ring of protection from fire]

   Int:       It affects your intelligence (+5).
   rF:        It protects you from fire.
   rN:        It protects you from negative energy.
 v - an amulet of the acrobat
 A - a +6 ring of strength
 O - the ring "Afung" (right claw) {Ice rN+ Dex+5}
   (You found it in the Dungeon)

   [ring of ice]

   It enhances your ice magic.
   Dex:       It affects your dexterity (+5).
   rF:        It makes you vulnerable to fire.
   rC:        It protects you from cold.
   rN:        It protects you from negative energy.
 P - the ring of Res Nullius {rF+ rCorr MP+9}
   (You found it in the Dungeon)

   [ring of resist corrosion]

   rF:        It protects you from fire.
   MP:        It affects your magic capacity (+9).
   rCorr:     It protects you from acid and corrosion.
 Q - the amulet of Ynysucaphi {Spirit Str+3 Int+3}
   (You found it in the Dungeon)

   [amulet of guardian spirit]

   It causes incoming damage to be divided between your reserves of health and
   magic.
   Str:       It affects your strength (+3).
   Int:       It affects your intelligence (+3).
 R - the ring of the Ego {rN+ Will++ rCorr Int-4 Slay+3}
   (You found it in the Dungeon)

   [ring of slaying]

   Int:       It affects your intelligence (-4).
   Slay:      It affects your accuracy & damage with ranged weapons and melee
   (+3).
   rN:        It protects you from negative energy.
   rCorr:     It protects you from acid and corrosion.
   Will:      It greatly increases your willpower.
 S - the ring "Lozxopt" {Fire Dex+3 SInv}
   (You found it in the Dungeon)

   [ring of fire]

   It enhances your fire magic.
   Dex:       It affects your dexterity (+3).
   rF:        It protects you from fire.
   rC:        It makes you vulnerable to cold.
   SInv:      It lets you see invisible.
 W - the ring "Kicer" {rPois Int+4 Dex+3}
   (You bought it in a shop in the Dungeon)

   [ring of poison resistance]

   Int:       It affects your intelligence (+4).
   Dex:       It affects your dexterity (+3).
   rPois:     It protects you from poison.
 X - the amulet of the Slug (around neck) {Acrobat Will+ Str+6}
   (You bought it in a shop in the Dungeon)

   [amulet of the acrobat]

   It increases your evasion while moving and waiting.
   Str:       It affects your strength (+6).
   Will:      It increases your willpower.
 Y - the ring "Feyrph" (left claw) {Wiz rN++ Dex-2}
   (You bought it in a shop in the Dungeon)

   [ring of wizardry]

   It improves your spell success rate.
   Dex:       It affects your dexterity (-2).
   rN:        It greatly protects you from negative energy.
Wands
 j - a wand of iceblast (2)
 q - a wand of polymorph (2)
Scrolls
 h - 2 scrolls of blinking
 i - 2 scrolls of amnesia
 y - 2 scrolls of enchant weapon
 z - 3 scrolls of identify
 E - 2 scrolls of fear
 F - 5 scrolls of fog
 I - 3 scrolls of enchant armour
 J - a scroll of immolation
 K - 3 scrolls of vulnerability
 V - a scroll of summoning
Potions
 b - 3 potions of brilliance
 c - 12 potions of curing
 d - 8 potions of heal wounds
 e - a potion of haste
 f - 8 potions of magic
 o - a potion of flight {unknown}
 r - a potion of cancellation
 x - 3 potions of mutation
 G - a potion of attraction
 H - 2 potions of resistance
Miscellaneous
 n - the horn of Geryon
 M - a lightning rod (4/4)
 N - a phantom mirror


   Skills:
 O Level 27 Fighting
 + Level 19.7 Throwing
 + Level 20.3 Armour
 O Level 27 Dodging
 - Level 14.2 Stealth
 O Level 27 Unarmed Combat
 - Level 23.5 Spellcasting
 O Level 27 Transmutations
 + Level 7.2 Ice Magic
 - Level 2.6 Air Magic
 - Level 8.6 Earth Magic
 + Level 4.3 Evocations


You had 32 spell levels left.
You knew the following spells:

 Your Spells              Type           Power      Damage    Failure   Level
a - Beastly Appendage     Tmut           100%       N/A       0%          1
b - Wereblood             Tmut           56%        N/A       0%          2
c - Spider Form           Tmut/Pois      34%        N/A       1%          3
d - Ice Form              Ice/Tmut       58%        N/A       1%          4
e - Statue Form           Tmut/Erth      28%        N/A       1%          6
f - Storm Form            Tmut/Air       18%        N/A       3%          7
g - Blade Hands           Tmut           28%        N/A       0%          5
h - Dragon Form           Tmut           28%        N/A       1%          7

Your spell library contained the following spells:

 Spells                   Type           Power      Damage    Failure   Level
 Petrify                  Tmut/Erth      42%        N/A       1%          4
 Irradiate                Conj/Tmut      17%        3d19      1%          5
 Blink                    Tloc           20%        N/A       2%          2
 Animate Armour           Summ/Erth      36%        N/A       2%          4
 Summon Lightning Spire   Summ/Air       12%        N/A       9%          4
 Metabolic Englaciation   Hex/Ice        12%        N/A       10%         5
 Iskenderun's Mystic Bla  Conj/Tloc      10%        2d4       16%         4
 Manifold Assault         Tloc           10%        N/A       38%         5
 Summon Forest            Summ/Tloc      5%         N/A       38%         5
 Iron Shot                Conj/Erth      9%         9d3       38%         6
 Dispersal                Tloc           5%         N/A       91%         6
 Spellforged Servitor     Conj/Summ      5%         N/A       100%        7
 Maxwell's Capacitive Co  Air            7%         ∞         100%        8


Dungeon Overview and Level Annotations

Branches:
Dungeon (1/1)

Altars:
Cheibriados
Dithmenos
Elyvilon
Fedhas
Gozag
Hepliaklqana
Kikubaaqudgha
Makhleb
Nemelex Xobeh
Okawaru
Qazlal
Ru
Sif Muna
Trog
Uskayaw
Vehumet
Wu Jian
Xom
Yredelemnul
Zin
The Shining One
Jiyva
Lugonu

Shops:
D ([=(::::*?=?*?


Innate Abilities, Weirdness & Mutations

You are too large for most types of armour.
You have claws for hands.
Your natural rate of healing is unusually fast.
You are covered in fur. (AC +1)
You have tough skin. (AC +1)
You occasionally lose the ability to read scrolls when taking damage.


Message History

You kill the balrug!
You scratch the sun demon.
The sun demon is lightly wounded.
The sun demon hits you!
You are engulfed in flames!
The fire burns you terribly!
You barely miss the sun demon. Your claw misses the sun demon.
The sun demon is lightly wounded.
You closely miss the sun demon. Your claw misses the sun demon.
The sun demon is lightly wounded.
The sun demon barely misses you.
You closely miss the sun demon.
The sun demon is lightly wounded.
You scratch the sun demon but do no damage.
You claw the sun demon!!
The sun demon is heavily wounded.
The sun demon hits you but does no damage.
You mangle the sun demon!! You claw the sun demon!
You kill the sun demon!
You now have 36417 gold pieces (gained 117).
You see here a +0 demon whip.
Things that are here:
2 stones; a +0 club
There is an open door to the Dungeon here.
There is a staircase leading out of the dungeon here.
There is an open door to the Dungeon here.
Things that are here:
2 stones; a +0 club You see here a +0 demon whip.
You now have 36498 gold pieces (gained 81).
You now have 36543 gold pieces (gained 45).
There is an open door, spattered with blood here.
You see here a +0 mace.
There is an open door, spattered with blood here.
You see here a +0 mace.
You see here a +0 demon whip.
Things that are here:
2 stones; a +0 club
There is an open door to the Dungeon here.
There is a staircase leading out of the dungeon here.
You have escaped!

▓.▓.▓.▓.▓.▓.▓.▓.▓.
▓)▓.▓'▓.▓.▓.▓.▓.▓.
▓(▓.▓.▓)▓3▓.▓.▓.▓.
▓.▓.▓.▓.▓.▓.▓.▓.▓.
▓'▓.▓.▓.▓.▓.▓.▓.▓.
▓.▓.▓.▓.▓.▓.▓.▓.▓.
▓.▓.▓.▓.▓.▓.▓.▓.▓.
▓.▓.▓.▓.▓.▓.▓.▓.▓.
▓@▓...▓...▓...▓...
▓▓▓▓▓▓▓▓▓▓▓▓▓▓▓▓▓▓


There were no monsters in sight!

Vanquished Creatures
  Cerebov (D)
  Asmodeus (D)
  Antaeus (D)
  the Royal Jelly (D)
  Gloorx Vloq (D)
  Ereshkigal (D)
  Mnoleg (D)
  Dispater (D)
  Lom Lobon (D)
  3 ancient liches (D)
  3 orbs of fire (D)
  Mara (D)
  5 pandemonium lords (D)
  Boris (D)
  4 royal mummies (D)
  Xtahua (D)
  A Killer Klown (D)
  Geryon (D)
  2 golden dragons (D)
  4 electric golems (D)
  2 Hell Sentinels (D)
  An Ice Fiend (D)
  3 tentacled monstrosities (D)
  5 quicksilver dragons (D)
  2 deep elf master archers (D)
  36 Orb Guardians (D)
  3 liches (D)
  A deep elf blademaster (D)
  13 sphinxes (D)
  3 death cobs (D)
  8 acid blobs (D)
  A draconian monk (D)
  Frances (D)
  An Executioner (D)
  8 shadow dragons (D)
  2 tengu reavers (D)
  6 storm dragons (D)
  3 rockslimes (D)
  6 nagarajas (D)
  2 draconian knights (D)
  5 azure jellies (D)
  Donald (D)
  A fenstrider witch (D)
  2 demonspawn warmongers (D)
  A daeva (D)
  Ilsuiw (D)
  A deep elf sorcerer (D)
  2 fire giants (D)
  3 frost giants (D)
  Louise (D)
  3 ghost moths (D)
  5 vault wardens (D)
  3 emperor scorpions (D)
  2 balrugs (D)
  A draconian shifter (D)
  3 draconian stormcallers (D)
  3 very ugly things (D)
  A spriggan defender (D)
  An ironbound thunderhulk (D)
  4 draconian annihilators (D)
  2 stone giants (D)
  5 ironbound preservers (D)
  A reaper (D)
  5 quicksilver oozes (D)
  An eleionoma (D)
  2 green draconians (D)
  A war gargoyle (D)
  10 vampire knights (D)
  3 white draconians (D)
  A deep elf demonologist (D)
  4 deep elf annihilators (D)
  2 purple draconians (D)
  A yellow draconian (D)
  5 red draconians (D)
  2 black draconians (D)
  3 ettins (D)
  4 deep elf death magi (D)
  2 merfolk javelineers (D)
  4 fire dragons (D)
  A great orb of eyes (D)
  5 merfolk impalers (D)
  2 yaktaur captains (D)
  4 mummy priests (D)
  8 ice dragons (D)
  3 deep elf high priests (D)
  A rakshasa (D)
  6 hydras (D)
  A boulder beetle (D)
  25 vault guards (D)
  2 ghost crabs (D)
  An ogre mage (D)
  2 ironbound frosthearts (D)
  3 merfolk avatars (D)
  A merfolk aquamancer (D)
  2 centaur warriors (D)
  4 naga warriors (D)
  4 deep troll shamans (D)
  A two-headed ogre (D)
  A tengu warrior (D)
  3 deep troll earth magi (D)
  8 orc high priests (D)
  Sonja (D)
  2 wretched stars (D)
  A shock serpent (D)
  A hell knight (D)
  5 sun demons (D)
  A pharaoh ant (D)
  2 soul eaters (D)
  A sea snake (shapeshifter) (D)
  2 lindwurms (D)
  An orb spider (D)
  3 steelbarb worms (D)
  A wizard (D)
  9 swamp dragons (D)
  2 large abominations (D)
  A deep elf pyromancer (D)
  A harpy (D)
  4 ironbound convokers (D)
  A wolf spider (D)
  2 salamanders (D)
  An orc knight (D)
  4 manticores (D)
  A cyclops (D)
  An ugly thing (D)
  10 moths of wrath (D)
  Maurice (D)
  2 water nymphs (D)
  4 vault sentinels (D)
  A rust devil (D)
  2 guardian serpents (D)
  2 smoke demons (D)
  2 black mambas (D)
  A torpor snail (D)
  3 naga magi (D)
  An unseen horror (D)
  3 demonic crawlers (D)
  2 cane toads (D)
  2 orange demons (D)
  A yaktaur (D)
  3 tormentors (D)
  A hellion (D)
  A freezing wraith (D)
  A kobold demonologist (D)
  An ice devil (D)
  3 efreet (D)
  A yaktaur (shapeshifter) (D)
  A komodo dragon (D)
  3 tengu conjurers (D)
  A red devil (D)
  A wandering mushroom (D)
  20 guardian mummies (D)
  3 merfolk (D)
  3 tyrant leeches (D)
  A tarantella (D)
  A snapping turtle (D)
  A blink frog (D)
  A small abomination (D)
  11 spriggans (D)
  3 yaks (D)
  4 ynoxinuls (D)
  A water elemental (D)
  A fire bat (D)
  A basilisk (D)
  Grum (D)
  A neqoxec (D)
  4 redbacks (D)
  3 wargs (D)
  2 nagas (D)
  5 water moccasins (D)
  6 hell hounds (D)
  2 floating eyes (D)
  11 orc warriors (D)
  A black bear (D)
  7 wolves (D)
  A phantom (D)
  A kobold brigand (D)
  A necrophage (D)
  2 bullfrogs (D)
  11 orc priests (D)
  2 orc wizards (D)
  A hell rat (D)
  2 adders (D)
  A white imp (D)
  A dart slug (D)
  8 orcs (D)
  A ball python (D)
  A frilled lizard (D)
  A kobold (D)
  A rat (D)
563 creatures vanquished.

Vanquished Creatures (others)
  A goliath frog (D)
  A hornet (D)
  A spriggan (D)
  8 ball lightnings (D)
11 creatures vanquished.

Grand Total: 574 creatures vanquished

Notes
Turn   | Place    | Note
-------+----------+-------------------------------------------
     0 | D        | mhtbhm the Troll Transmuter began the quest for the Orb.
     0 | D        | Reached XP level 1. HP: 18/18 MP: 1/1
    35 | D        | Noticed a phantom
    35 | D        | Noticed a necrophage
    42 | D        | Reached XP level 2. HP: 26/26 MP: 1/3
    43 | D        | Reached skill level 5 in Unarmed Combat
    53 | D        | Killed a necrophage
    54 | D        | Reached XP level 3. HP: 32/32 MP: 2/5
    54 | D        | Reached XP level 4. HP: 40/40 MP: 2/6
    59 | D        | Killed a phantom
    60 | D        | Reached XP level 5. HP: 46/46 MP: 3/8
    84 | D        | Found a snail-covered altar of Cheibriados.
    84 | D        | Found a shadowy altar of Dithmenos.
    84 | D        | Found a white marble altar of Elyvilon.
    84 | D        | Found a blossoming altar of Fedhas.
    84 | D        | Found an opulent altar of Gozag.
    85 | D        | Found a hazy altar of Hepliaklqana.
    86 | D        | Found a viscous altar of Jiyva.
    87 | D        | Found an ancient bone altar of Kikubaaqudgha.
    88 | D        | Found a corrupted altar of Lugonu.
    89 | D        | Found a burning altar of Makhleb.
    90 | D        | Found a sparkling altar of Nemelex Xobeh.
    91 | D        | Found an iron altar of Okawaru.
    92 | D        | Found a stormy altar of Qazlal.
    93 | D        | Found a sacrificial altar of Ru.
    96 | D        | Became a worshipper of Gozag Ym Sagoz the Greedy
    99 | D        | Found a shimmering blue altar of Sif Muna.
   100 | D        | Found a bloodstained altar of Trog.
   101 | D        | Found a hide-covered altar of Uskayaw.
   102 | D        | Found a radiant altar of Vehumet.
   103 | D        | Found an ornate altar of the Wu Jian Council.
   104 | D        | Found a shimmering altar of Xom.
   105 | D        | Found a basalt altar of Yredelemnul.
   106 | D        | Found a glowing silver altar of Zin.
   107 | D        | Found a glowing golden altar of the Shining One.
   146 | D        | Learned a level 2 spell: Wereblood
   150 | D        | Learned a level 3 spell: Spider Form
   152 | D        | Noticed a yak
   152 | D        | Noticed a two-headed ogre
   152 | D        | Noticed a yak
   157 | D        | Killed a yak
   158 | D        | Reached skill level 10 in Unarmed Combat
   158 | D        | Reached XP level 6. HP: 39/54 MP: 5/10
   162 | D        | Killed an unseen horror
   163 | D        | Reached skill level 5 in Dodging
   163 | D        | Reached XP level 7. HP: 53/61 MP: 6/12
   164 | D        | Killed a two-headed ogre
   165 | D        | Reached skill level 1 in Fighting
   165 | D        | Reached skill level 1 in Stealth
   165 | D        | Reached skill level 5 in Transmutations
   165 | D        | Reached XP level 8. HP: 55/70 MP: 6/13
   227 | D        | Learned a level 4 spell: Ice Form
   229 | D        | Noticed a manticore
   229 | D        | Noticed a kobold demonologist
   229 | D        | Noticed a deep elf pyromancer
   229 | D        | Noticed a tengu conjurer
   229 | D        | Noticed an efreet
   229 | D        | Noticed a centaur warrior
   232 | D        | Killed a centaur warrior
   233 | D        | Reached skill level 5 in Spellcasting
   233 | D        | Reached XP level 9. HP: 69/76 MP: 8/15
   236 | D        | Killed an efreet
   237 | D        | Reached skill level 15 in Unarmed Combat
   240 | D        | Killed a tengu conjurer
   242 | D        | Killed a deep elf pyromancer
   243 | D        | Noticed a red devil
   248 | D        | Noticed an orange demon
   249 | D        | Killed a kobold demonologist
   253 | D        | Killed a manticore
   408 | D        | Noticed a cane toad
   409 | D        | Noticed a five-headed hydra
   414 | D        | Killed a cane toad
   415 | D        | Reached skill level 1 in Ice Magic
   415 | D        | Reached XP level 10. HP: 87/87 MP: 11/17
   421 | D        | Killed a five-headed hydra
   567 | D        | Noticed a cane toad
   575 | D        | Killed a cane toad
   744 | D        | Noticed Maurice
   753 | D        | Killed Maurice
   939 | D        | Reached XP level 11. HP: 97/97 MP: 13/20
  1001 | D        | Found Golon's Weapon Boutique.
  1001 | D        | Noticed an orc high priest
  1001 | D        | Noticed an orc high priest
  1001 | D        | Noticed an orc high priest
  1005 | D        | Killed an orc high priest
  1005 | D        | Noticed an orc high priest
  1007 | D        | Killed an orc high priest
  1012 | D        | Killed an orc high priest
  1014 | D        | Found Veazawn's Jewellery Shop.
  1023 | D        | Found Fuajiat's Antique Armour Boutique.
  1025 | D        | Killed an orc high priest
  1026 | D        | Reached skill level 5 in Stealth
  1028 | D        | Noticed an orc high priest
  1028 | D        | Found Qifuyrr's Weapon Shop.
  1029 | D        | Noticed an orc high priest
  1031 | D        | Noticed a sun demon
  1034 | D        | Noticed an orc high priest
  1038 | D        | Killed an orc high priest
  1047 | D        | Killed an orc high priest
  1047 | D        | HP: 4/116 [orc priest/nerve-wracking pain (14)]
  1279 | D        | Noticed an orc high priest
  1282 | D        | Killed an orc high priest
  1288 | D        | Killed an orc high priest
  1396 | D        | Bought runed acid dragon scales for 860 gold pieces
  1403 | D        | Bought an amulet of regeneration for 330 gold pieces
  1403 | D        | Bought the ring "Irin" {rF+ rN+ Int+5} for 513 gold pieces
  1448 | D        | Noticed Sonja
  1451 | D        | Killed Sonja
  1519 | D        | Noticed Grum
  1526 | D        | Killed Grum
  1630 | D        | Bought a book of the Sky for 572 gold pieces
  1632 | D        | Bought a book of Sloth for 432 gold pieces
  1632 | D        | Bought a manual of Transmutations for 960 gold pieces
  1639 | D        | Learned a level 6 spell: Statue Form
  1647 | D        | Learned a level 7 spell: Storm Form
  1651 | D        | Noticed a centaur warrior
  1651 | D        | Noticed a seven-headed hydra
  1667 | D        | Noticed an ice dragon
  1669 | D        | Killed a seven-headed hydra
  1670 | D        | Reached XP level 12. HP: 30/107 MP: 14/22
  1679 | D        | Killed a centaur warrior
  1841 | D        | Reached skill level 1 in Evocations
  1867 | D        | Killed an ice dragon
  1868 | D        | Noticed a deep troll shaman
  1874 | D        | Killed a deep troll shaman
  1875 | D        | Noticed a deep troll earth mage
  1882 | D        | Killed a deep troll earth mage
  1886 | D        | Noticed a fire dragon
  1892 | D        | Killed a fire dragon
  1898 | D        | Reached skill level 10 in Transmutations
  1910 | D        | Noticed a vampire knight
  1924 | D        | Killed a vampire knight
  1925 | D        | Reached skill level 5 in Fighting
  2071 | D        | Noticed Frances
  2089 | D        | Killed Frances
  2090 | D        | Reached skill level 1 in Armour
  2168 | D        | Noticed Donald
  2180 | D        | Killed Donald
  2285 | D        | Noticed a boulder beetle
  2299 | D        | Killed a boulder beetle
  2302 | D        | Reached skill level 5 in Ice Magic
  2310 | D        | Reached XP level 13. HP: 65/120 MP: 22/24
  2357 | D        | Noticed a fenstrider witch
  2363 | D        | Noticed an eleionoma
  2365 | D        | Killed a fenstrider witch
  2377 | D        | Killed an eleionoma
  2650 | D        | Reached skill level 10 in Dodging
  3009 | D        | Noticed a lich
  3009 | D        | Noticed an ettin
  3009 | D        | Noticed a purple very ugly thing
  3021 | D        | Killed a purple very ugly thing
  3023 | D        | Killed an ettin
  3027 | D        | Noticed a fire dragon
  3033 | D        | Killed a lich
  3039 | D        | Noticed a fire giant
  3113 | D        | Bought a book of Iron for 540 gold pieces
  3113 | D        | Bought a book of Transfigurations for 600 gold pieces
  3119 | D        | Learned a level 5 spell: Blade Hands
  3124 | D        | Noticed an ettin
  3131 | D        | Killed a fire dragon
  3138 | D        | Killed a fire giant
  3147 | D        | Killed an ettin
  3333 | D        | Noticed a red very ugly thing
  3344 | D        | Reached skill level 27 in Unarmed Combat
  3344 | D        | Reached XP level 14. HP: 126/131 MP: 26/26
  3347 | D        | Killed a red very ugly thing
  3501 | D        | Noticed a frost giant
  3501 | D        | Noticed a frost giant
  3503 | D        | Noticed a frost giant
  3508 | D        | Killed a frost giant
  3509 | D        | Reached skill level 10 in Spellcasting
  3512 | D        | Killed a frost giant
  3518 | D        | Killed a frost giant
  3592 | D        | Noticed an ironbound preserver
  3592 | D        | Noticed an ironbound preserver
  3592 | D        | Noticed a sphinx
  3596 | D        | Noticed an ironbound preserver
  3607 | D        | Killed a sphinx
  3608 | D        | Reached skill level 5 in Armour
  3684 | D        | Killed an ironbound preserver
  3698 | D        | Killed an ironbound preserver
  3749 | D        | Killed an ironbound preserver
  3766 | D        | Noticed a vault warden
  3772 | D        | Killed a vault warden
  3789 | D        | Noticed a vault warden
  3794 | D        | Noticed an ironbound thunderhulk
  3799 | D        | HP: 4/162 [vault warden/+1 great mace (39)]
  3825 | D        | Killed a vault warden
  3919 | D        | Noticed a vault warden
  3924 | D        | Noticed a vault warden
  3930 | D        | Killed a vault warden
  3936 | D        | Killed an ironbound thunderhulk
  3941 | D        | Killed a vault warden
  4238 | D        | Found the +6 arbalest "Damnation" {damnation}
  4332 | D        | Noticed Mara
  4344 | D        | Killed Mara
  4435 | D        | Noticed Ilsuiw
  4442 | D        | Reached skill level 15 in Transmutations
  4446 | D        | Killed Ilsuiw
  4463 | D        | Reached skill level 1 in Earth Magic
  4475 | D        | HP: 5/137 [merfolk impaler/+0 demon trident (2)]
  4690 | D        | Reached XP level 15. HP: 143/146 MP: 30/30
  4711 | D        | Got a barnacled rune of Zot
  4758 | D        | Learned a level 7 spell: Dragon Form
  4802 | D        | Got a decaying rune of Zot
  4828 | D        | Noticed an emperor scorpion
  4832 | D        | Reached skill level 10 in Fighting
  4835 | D        | Noticed an emperor scorpion
  4842 | D        | Killed an emperor scorpion
  4845 | D        | Noticed an emperor scorpion
  4847 | D        | Killed an emperor scorpion
  4859 | D        | Killed an emperor scorpion
  4867 | D        | Noticed a nagaraja
  4867 | D        | Noticed a nagaraja
  4867 | D        | Noticed a nagaraja
  4868 | D        | Noticed a nagaraja
  4873 | D        | Killed a nagaraja
  4879 | D        | Killed a nagaraja
  4880 | D        | Noticed a nagaraja
  4882 | D        | Killed a nagaraja
  4885 | D        | Noticed a nagaraja
  4888 | D        | Killed a nagaraja
  4899 | D        | Killed a nagaraja
  4903 | D        | Killed a nagaraja
  4918 | D        | Got a serpentine rune of Zot
  4940 | D        | Got a gossamer rune of Zot
  4965 | D        | Bought a coppery potion for 19 gold pieces
  4965 | D        | Bought a fizzy grey potion for 19 gold pieces
  4965 | D        | Bought a scroll of identify for 44 gold pieces
  4965 | D        | Bought a potion of curing for 66 gold pieces
  4965 | D        | Bought a scroll labelled HESUSILAKO for 22 gold pieces
  5040 | D        | Identified the +4 tower shield of the Morning {Int+3}
  5040 | D        | Noticed Louise
  5044 | D        | Noticed Boris
  5051 | D        | Killed Boris
  5057 | D        | Killed Louise
  5168 | D        | Reached XP level 16. HP: 167/167 MP: 29/33
  5171 | D        | Reached skill level 15 in Dodging
  5257 | D        | Noticed a tengu reaver
  5257 | D        | Noticed a tengu reaver
  5259 | D        | Killed a tengu reaver
  5265 | D        | Noticed a shadow dragon
  5269 | D        | Killed a tengu reaver
  5275 | D        | Noticed a shadow dragon
  5282 | D        | Killed a shadow dragon
  5290 | D        | Killed a shadow dragon
  5298 | D        | Reached skill level 15 in Spellcasting
  5374 | D        | Noticed a shadow dragon
  5374 | D        | Noticed a quicksilver dragon
  5374 | D        | Noticed a quicksilver dragon
  5374 | D        | Noticed a shadow dragon
  5380 | D        | Noticed a shadow dragon
  5381 | D        | Killed a shadow dragon
  5386 | D        | Killed a quicksilver dragon
  5387 | D        | Noticed a shadow dragon
  5394 | D        | Killed a shadow dragon
  5399 | D        | Killed a quicksilver dragon
  5405 | D        | Killed a shadow dragon
  5410 | D        | Killed a shadow dragon
  5412 | D        | Got a silver rune of Zot
  5548 | D        | Got the ring "Afung" {Ice rN+ Dex+5}
  5550 | D        | Got the ring of Res Nullius {rF+ rCorr MP+9}
  5552 | D        | Got the amulet of Ynysucaphi {Spirit Str+3 Int+3}
  5554 | D        | Got the ring of the Ego {rN+ Will++ rCorr Int-4 Slay+3}
  5556 | D        | Got the ring "Lozxopt" {Fire Dex+3 SInv}
  5923 | D        | Noticed Xtahua
  5931 | D        | Killed Xtahua
  5993 | D        | Reached skill level 5 in Earth Magic
  5999 | D        | Reached skill level 15 in Fighting
  6016 | D        | Noticed a storm dragon
  6016 | D        | Noticed a storm dragon
  6024 | D        | Killed a storm dragon
  6031 | D        | Killed a storm dragon
  6315 | D        | Noticed a quicksilver dragon
  6326 | D        | Reached XP level 17. HP: 185/185 MP: 28/36
  6337 | D        | Killed a quicksilver dragon
  6344 | D        | Noticed a quicksilver dragon
  6344 | D        | Noticed a tentacled monstrosity
  6344 | D        | Noticed a tentacled monstrosity
  6347 | D        | Reached skill level 10 in Armour
  6352 | D        | Killed a tentacled monstrosity
  6354 | D        | Killed a tentacled monstrosity
  6358 | D        | Killed a quicksilver dragon
  6359 | D        | Reached skill level 10 in Stealth
  6925 | D        | Noticed an Orb Guardian
  6925 | D        | Noticed an Orb Guardian
  6925 | D        | Noticed an Orb Guardian
  6925 | D        | Noticed an Orb Guardian
  6925 | D        | Noticed an Orb Guardian
  6925 | D        | Noticed an Orb Guardian
  6932 | D        | Killed an Orb Guardian
  6933 | D        | Noticed an Orb Guardian
  6935 | D        | Killed an Orb Guardian
  6938 | D        | Killed an Orb Guardian
  6939 | D        | Noticed an Orb Guardian
  6940 | D        | Noticed an Orb Guardian
  6941 | D        | Noticed an Orb Guardian
  6942 | D        | Killed an Orb Guardian
  6944 | D        | Killed an Orb Guardian
  6946 | D        | Killed an Orb Guardian
  6947 | D        | Killed an Orb Guardian
  6950 | D        | Killed an Orb Guardian
  6953 | D        | Killed an Orb Guardian
  6955 | D        | Killed an Orb Guardian
  6960 | D        | Noticed a golden dragon
  6960 | D        | Noticed an Orb Guardian
  6960 | D        | Noticed an Orb Guardian
  6960 | D        | Noticed a quicksilver dragon
  6961 | D        | Killed a quicksilver dragon
  6962 | D        | Noticed an Orb Guardian
  6965 | D        | Noticed an Orb Guardian
  6967 | D        | Killed an Orb Guardian
  6970 | D        | Killed an Orb Guardian
  6973 | D        | Killed a golden dragon
  6978 | D        | Killed an Orb Guardian
  6981 | D        | Killed an Orb Guardian
  6985 | D        | Noticed an ancient lich
  6987 | D        | Killed an ancient lich
  7069 | D        | Noticed an orb of fire
  7077 | D        | Killed an orb of fire
  7078 | D        | Reached XP level 18. HP: 201/201 MP: 33/40
  7080 | D        | Noticed an electric golem
  7082 | D        | Killed an electric golem
  7086 | D        | Noticed an electric golem
  7086 | D        | Noticed an electric golem
  7086 | D        | Noticed an orb of fire
  7086 | D        | Noticed an ancient lich
  7091 | D        | Killed an ancient lich
  7092 | D        | Noticed an orb of fire
  7099 | D        | Killed an orb of fire
  7103 | D        | Killed an orb of fire
  7108 | D        | Noticed an electric golem
  7110 | D        | Noticed a Killer Klown
  7113 | D        | Noticed a golden dragon
  7114 | D        | Killed an electric golem
  7118 | D        | Noticed an Orb Guardian
  7119 | D        | Killed an electric golem
  7124 | D        | Killed a Killer Klown
  7127 | D        | Killed a golden dragon
  7134 | D        | Killed an Orb Guardian
  7139 | D        | Killed an electric golem
  7170 | D        | Noticed an Orb Guardian
  7170 | D        | Noticed an Orb Guardian
  7170 | D        | Noticed an Orb Guardian
  7170 | D        | Noticed an Orb Guardian
  7170 | D        | Noticed an Orb Guardian
  7170 | D        | Noticed an Orb Guardian
  7173 | D        | Killed an Orb Guardian
  7174 | D        | Noticed an Orb Guardian
  7174 | D        | Killed an Orb Guardian
  7176 | D        | Killed an Orb Guardian
  7178 | D        | Noticed an Orb Guardian
  7181 | D        | Killed an Orb Guardian
  7184 | D        | Killed an Orb Guardian
  7188 | D        | Killed an Orb Guardian
  7189 | D        | Noticed an Orb Guardian
  7190 | D        | Killed an Orb Guardian
  7192 | D        | Killed an Orb Guardian
  7194 | D        | Noticed an Orb Guardian
  7196 | D        | Noticed an Orb Guardian
  7198 | D        | Killed an Orb Guardian
  7199 | D        | Noticed an Orb Guardian
  7204 | D        | Killed an Orb Guardian
  7205 | D        | Killed an Orb Guardian
  7210 | D        | HP: 7/309 [Orb Guardian (20)]
  7211 | D        | Killed an Orb Guardian
  7424 | D        | Noticed a lich
  7429 | D        | Noticed a lich
  7441 | D        | Noticed an ancient lich
  7441 | D        | Killed a lich
  7445 | D        | Killed a lich
  7448 | D        | Killed an ancient lich
  7534 | D        | Bought 4 silver javelins for 144 gold pieces
  7534 | D        | Bought a potion of heal wounds for 75 gold pieces
  7536 | D        | Bought a scroll of immolation for 49 gold pieces
  7536 | D        | Bought a scroll of enchant weapon for 105 gold pieces
  7536 | D        | Bought a scroll of summoning for 133 gold pieces
  7536 | D        | Bought a scroll of blinking for 105 gold pieces
  7536 | D        | Bought a scroll of identify for 28 gold pieces
  7536 | D        | Bought a scroll of blinking for 105 gold pieces
  7538 | D        | Bought the ring "Kicer" {rPois Int+4 Dex+3} for 542 gold
                  | pieces
  7538 | D        | Bought the amulet of the Slug {Acrobat Will+ Str+6} for 717
                  | gold pieces
  7538 | D        | Bought the ring "Feyrph" {Wiz rN++ Dex-2} for 562 gold
                  | pieces
  7626 | D        | Reached XP level 19. HP: 218/218 MP: 43/43
  7626 | D        | Noticed a Brimstone Fiend
  7657 | D        | Got an elven rune of Zot
  7753 | D        | Noticed the Royal Jelly
  7761 | D        | Killed the Royal Jelly
  7818 | D        | Got a slimy rune of Zot
  8394 | D        | Noticed a royal mummy
  8394 | D        | Noticed a royal mummy
  8396 | D        | Noticed a royal mummy
  8400 | D        | Noticed a royal mummy
  8404 | D        | Killed a royal mummy
  8405 | D        | Reached skill level 1 in Air Magic
  8414 | D        | Killed a royal mummy
  8416 | D        | Killed a royal mummy
  8417 | D        | Reached skill level 27 in Transmutations
  8419 | D        | Killed a royal mummy
  8423 | D        | Got a golden rune of Zot
  8591 | D        | Got an abyssal rune of Zot
  8730 | D        | Bought a scroll of enchant armour for 97 gold pieces
  8730 | D        | Bought a scroll of fog for 26 gold pieces
  8742 | D        | Noticed Geryon
  8746 | D        | Killed Geryon
  8750 | D        | Noticed Mnoleg
  8750 | D        | Noticed Antaeus
  8757 | D        | Found the +7 sceptre of Asmodeus
  8757 | D        | Noticed Asmodeus
  8766 | D        | Killed Antaeus
  8767 | D        | Reached skill level 27 in Dodging
  8853 | D        | Killed Mnoleg
  8854 | D        | Reached XP level 20. HP: 92/239 MP: 39/46
  9085 | D        | Killed Asmodeus
  9086 | D        | Reached skill level 5 in Throwing
  9159 | D        | Found the +4 staff of Dispater
  9159 | D        | Noticed Dispater
  9176 | D        | Killed Dispater
  9193 | D        | Got an icy rune of Zot
  9197 | D        | Got a glowing rune of Zot
  9199 | D        | Found the +6 sword of Cerebov {flame}
  9199 | D        | Noticed Cerebov
  9200 | D        | Noticed Gloorx Vloq
  9214 | D        | Killed Cerebov
  9214 | D        | Noticed Lom Lobon
  9215 | D        | Noticed Ereshkigal
  9437 | D        | Killed Gloorx Vloq
  9550 | D        | Killed Lom Lobon
  9551 | D        | Reached skill level 27 in Fighting
  9719 | D        | Killed Ereshkigal
  9838 | D        | Got an obsidian rune of Zot
  9842 | D        | Got an iron rune of Zot
  9847 | D        | Got a fiery rune of Zot
  9851 | D        | Got a dark rune of Zot
  9855 | D        | Got a magical rune of Zot
  9859 | D        | Got a bone rune of Zot
 10302 | D        | Bought a scroll of acquirement for 884 gold pieces
 10302 | D        | Bought a scroll of blinking for 127 gold pieces
 10302 | D        | Bought a scroll of fog for 34 gold pieces
 10303 | D        | Got the Orb of Zot
 10304 | D        | Acquired mhtbhm's Volume of Elliptic Companions
 10834 | D        | Noticed Imuxa the pandemonium lord
 10841 | D        | Killed Imuxa the pandemonium lord
 11301 | D        | Noticed Gaibyss the pandemonium lord
 11310 | D        | Killed Gaibyss the pandemonium lord
 11311 | D        | Reached skill level 15 in Throwing
 11367 | D        | Reached skill level 15 in Armour
 11410 | D        | Noticed Lajosuecw the pandemonium lord
 11425 | D        | Killed Lajosuecw the pandemonium lord
 11602 | D        | Noticed Exorupp the pandemonium lord
 11608 | D        | Killed Exorupp the pandemonium lord
 12130 | D        | Gained mutation: You occasionally lose the ability to read
                  | scrolls when taking damage. [a neqoxec]
 12206 | D        | Noticed Dyisedus the pandemonium lord
 12215 | D        | Killed Dyisedus the pandemonium lord
 12399 | D        | Reached XP level 21. HP: 265/265 MP: 47/47
 12528 | D        | Escaped with the Orb!

Illustrated notes

Levels and vault maps discovered:
D:        linesprint [early_d, line_temple, items_1, d_10, items_2, lair_1,
          lair_end, items_3, orc_1, orc_end, items_4, d_15, swamp_1, shoals_1,
          snake_1, spider_1, d_20, vaults_1, items_5, swamp_end, shoals_end,
          snake_end, spider_end, vaults_end, d_27, items_6, zot_1, zot_end,
          crypt_end, forest_end, elf_end, slime_end, tomb_end, abyss_end,
          pan_hell_end]

Skill      XL: |  1  2  3  4  5  6  7  8  9 10 11 12 13 14 15 16 17 18 19 20 21 |
---------------+----------------------------------------------------------------+-----
Dodging        | 2 3 4 5 6 7 8 9 10 12 14 17 20 23 27 | 27.0
Unarmed Combat | 4 7 8 10 11 13 14 16 18 21 24 27 | 27.0
Transmutations | 2 3 4 5 6 7 9 10 12 15 17 19 22 25 27 | 27.0
Spellcasting   | 2 3 4 5 6 7 8 9 12 14 16 19 21 23 | 23.5
Fighting       | 1 2 3 5 6 9 12 15 17 19 22 27 | 27.0
Stealth        | 1 2 3 4 5 6 7 9 11 13 14 | 14.2
Ice Magic      | 1 2 4 5 6 7 |  7.2
Evocations     | 1 2 3 4 |  4.3
Armour         | 1 3 6 9 10 19 20 | 20.3
Earth Magic    | 1 4 5 6 7 8 |  8.6
Air Magic      | 2 |  2.6
Throwing       | 4 19 | 19.7

Action                   |  1- 3 |  4- 6 |  7- 9 | 10-12 | 13-15 | 16-18 | 19-21 || total
-------------------------+-------+-------+-------+-------+-------+-------+-------++-------
Melee: Unarmed           |    28 |    13 |    34 |   257 |   346 |   377 |   376 ||  1431
       Headbutt          |     2 |     2 |     1 |       |       |       |       ||     5
       Kick              |     2 |     1 |     1 |       |       |       |       ||     4
       Punch             |       |       |       |     1 |    25 |    53 |    70 ||   149
       Bite              |       |       |       |       |    13 |    35 |    34 ||    82
       Tailslap          |       |       |       |       |     7 |    49 |    47 ||   103
Throw: Dart              |       |       |       |       |       |       |     2 ||     2
 Cast: Beastly Appendage |     1 |     1 |       |       |       |       |       ||     2
       Wereblood         |       |     1 |     2 |    13 |    17 |    14 |    19 ||    66
       Ice Form          |       |       |     2 |    13 |     8 |       |     1 ||    24
       Blade Hands       |       |       |       |       |     7 |     1 |     1 ||     9
       Statue Form       |       |       |       |       |     2 |     4 |     7 ||    13
       Dragon Form       |       |       |       |       |     3 |    10 |    20 ||    33
       Storm Form        |       |       |       |       |       |       |     2 ||     2
Invok: Call Merchant     |       |       |       |     2 |     3 |     3 |     2 ||    10
       Potion Petition   |       |       |       |       |     2 |       |     1 ||     3
Evoke: Wand              |       |     1 |       |     4 |     3 |     1 |       ||     9
  Use: Potion            |     1 |     2 |     1 |     3 |     5 |       |    11 ||    23
       Scroll            |       |       |       |     4 |     5 |     5 |    13 ||    27
 Stab: Invisible         |       |     1 |     2 |       |       |       |       ||     3
       Distracted        |       |       |     1 |     1 |     1 |     7 |     1 ||    11
       Sleeping          |       |       |       |     1 |     1 |     1 |     4 ||     7
Armor: Skin              |    12 |     3 |     6 |    35 |    62 |    98 |    75 ||   291
       Robe              |     2 |     3 |       |       |       |       |       ||     5
       Acid dragon scale |       |       |       |       |    12 |    15 |     6 ||    33
Dodge: Dodged            |     6 |     1 |     9 |    90 |    90 |   125 |   185 ||   506

Table legend: (Time is in decaauts) A = Elapsed time spent in this place. B = Non-inter-level travel time spent in this place. C = Inter-level travel time spent in this place. D = Time resting spent in this place. E = Time spent auto-exploring this place. F = Levels seen in this place. G = Mean time per level. A B C D E F G +--------+--------+--------+--------+--------+-----+--------+ Total | 12121 | 11597 | 524 | 2476 | 2939 | 1 | 12121.0 | Dungeon | 12121 | 11597 | 524 | 2476 | 2939 | 1 | 12121.0 | +--------+--------+--------+--------+--------+-----+--------+

Top non-repeatable levels by time:
       D: 12121 daAuts
